 Dungeon Crawl Stone Soup version 0.29.1 (webtiles) character file.

Game seed: 15210494178868656002

538 groovy9 the Ruffian (level 7, -2/68 HPs)
             Began as a Troll Fighter on Sept 12, 2022.
             Splashed by a jelly's acid (10 damage)
             ... on level 5 of the Dungeon.
             The game lasted 00:10:43 (3523 turns).

groovy9 the Ruffian (Troll Fighter)                 Turns: 3523, Time: 00:10:44

Health: -2/68      AC: -11   Str: 31    XL:     7   Next: 5%
Magic:  6/6        EV:  8    Int:  6    God:
Gold:   147        SH:  8    Dex:  9    Spells: 6/7 levels left

rFire   . . .      SeeInvis .     - Unarmed
rCold   + . .      Faith    .   b - +1 kite shield
rNeg    . . .      Spirit   .   a - +0 robe
rPois   .          Reflect  .   (helmet restricted)
rElec   .          Harm     .   x - +0 cloak
rCorr   .          Rampage  .   (gloves unavailable)
Will    .....                   (boots unavailable)
Stlth   +.........              (no amulet)
HPRegen 1.01/turn               k - ring of protection from cold
MPRegen 0.10/turn               w - +6 ring of strength

@: corroded
A: large, unfitting armour, claws 3, regeneration 1, shaggy fur 1, tough skin 1
a: no special abilities


You were on level 5 of the Dungeon.
You visited 1 branch of the dungeon, and saw 5 of its levels.

You collected 147 gold pieces.

Inventory:

Missiles
 h - 10 poisoned darts
 l - 5 large rocks (quivered)
Armour
 a - a +0 robe (worn)
 b - a +1 kite shield (worn)
 x - a +0 cloak (worn)
Jewellery
 g - a ring of protection from fire
 k - a ring of protection from cold (left claw)
 u - an amulet of faith
 w - a +6 ring of strength (right claw)
Wands
 r - a wand of paralysis (9)
Scrolls
 e - 3 scrolls of teleportation
 p - a scroll of poison
 v - a scroll of vulnerability {unknown}
Potions
 c - a potion of invisibility {unknown}
 d - 2 potions of attraction {unknown}
 f - 5 potions of mutation
 i - a potion of brilliance {unknown}
 j - a potion of cancellation {unknown}
 n - 2 potions of curing {unknown}
 o - a potion of lignification {unknown}
 t - a potion of heal wounds {unknown}


   Skills:
 + Level 3.7 Fighting
 - Level 2.4 Dodging
 + Level 4.1 Shields
 * Level 5.4 Unarmed Combat
 + Level 0.6 Spellcasting
 + Level 0.9 Transmutations


You had 6 spell levels left.
You knew the following spells:

 Your Spells              Type           Power      Damage    Failure   Level
a - Beastly Appendage     Tmut           2%         N/A       58%         1

Your spell library contained the following spells:

 Spells                   Type           Power      Damage    Failure   Level
 Wereblood                Tmut           1%         N/A       75%         2
 Blink                    Tloc           0%         N/A       86%         2
 Spider Form              Tmut/Pois      0%         N/A       95%         3
 Lesser Beckoning         Tloc           0%         N/A       97%         3
 Manifold Assault         Tloc           0%         N/A       100%        5


Dungeon Overview and Level Annotations

Branches:
Dungeon (5/15)
 Temple: D:4-7

Altars:
Nemelex Xobeh
Sif Muna
Wu Jian
Zin


Innate Abilities, Weirdness & Mutations

You are too large for most types of armour.
You have claws for hands.
Your natural rate of healing is unusually fast.
You are covered in fur. (AC +1)
You have tough skin. (AC +1)


Message History

A jelly comes into view.
Found an ornate altar of the Wu Jian Council.
There is an open door here.
You claw the jelly!
Your claws burn!
The jelly is moderately wounded.
The jelly hits you but does no damage.
You scratch the jelly.
Your claws burn!
The jelly is moderately wounded.
The jelly hits you.
You are splashed with acid!
You are too injured to fight recklessly!
You are too injured to fight recklessly!
You are too injured to fight recklessly!
You are too injured to fight recklessly!
You are too injured to fight recklessly!
You claw the jelly! The acid corrodes you!
Your claws burn!
The jelly is severely wounded.
The jelly hits you. The acid corrodes you!
You are splashed with acid.
You scratch the jelly but do no damage.
Your claws burn!
The jelly is severely wounded.
The jelly hits you.
You are splashed with acid!
You scratch the jelly. The acid corrodes you!
Your claws burn!
The jelly is severely wounded.
The jelly hits you.
You are splashed with acid!
* * * LOW HITPOINT WARNING * * *
Okay, then.
Okay, then.
You scratch the jelly but do no damage. The acid corrodes you!
Your claws burn!
* * * LOW HITPOINT WARNING * * *
The jelly is severely wounded.
The jelly hits you.
* * * LOW HITPOINT WARNING * * *
You are splashed with acid!
* * * LOW HITPOINT WARNING * * *
You barely miss the jelly.
The jelly is severely wounded.
The jelly jiggles.
The jelly hits you.
* * * LOW HITPOINT WARNING * * *
The acid corrodes you!
You are splashed with acid!
You die...

###+###+###
.......#..#
.......#..###
##+###'..'.##
+...'.#..#..#
#..@#.#..##.##
#.J.#.+##+...####
#...#.# #......#
.....+.# #......#
.###+###+
+.....#### ..
##.....#.## .
#.........#
#........##
#..........


You could see a jelly.

Vanquished Creatures
  Sigmund (D:3)
  A centaur (D:4)
  A scorpion (D:5)
  A hound (D:5)
  Natasha (D:4)
  An iguana (D:4)
  Robin (D:2)
  5 adders
  A worm (D:2)
  4 dart slugs
  3 orcs
  9 ball pythons
  9 bats
  8 endoplasms
  5 giant cockroaches
  10 goblins
  10 hobgoblins
  5 jackals
  4 kobolds
  3 quokkas (D:3)
  6 frilled lizards
  4 rats
93 creatures vanquished.

Notes
Turn   | Place    | Note
-------+----------+-------------------------------------------
     0 | D:1      | groovy9 the Troll Fighter began the quest for the Orb.
     0 | D:1      | Reached XP level 1. HP: 22/22 MP: 0/0
    71 | D:1      | Found a faded altar of an unknown god.
    76 | D:1      | Reached XP level 2. HP: 29/29 MP: 1/1
   536 | D:1      | Reached XP level 3. HP: 36/36 MP: 2/2
   749 | D:1      | Reached skill level 3 in Unarmed Combat
  1037 | D:2      | Found a sparkling altar of Nemelex Xobeh.
  1042 | D:2      | Noticed Robin
  1065 | D:2      | Killed Robin
  1238 | D:2      | Reached XP level 4. HP: 44/44 MP: 3/3
  2150 | D:3      | Found a shimmering blue altar of Sif Muna.
  2248 | D:3      | Noticed Sigmund
  2268 | D:3      | Killed Sigmund
  2269 | D:3      | Reached skill level 4 in Unarmed Combat
  2269 | D:3      | Reached XP level 5. HP: 34/53 MP: 4/4
  2269 | D:3      | Reached XP level 6. HP: 39/61 MP: 5/5
  2407 | D:3      | Learned a level 1 spell: Beastly Appendage
  2412 | D:3      | Found a glowing silver altar of Zin.
  2740 | D:4      | Reached skill level 5 in Unarmed Combat
  3094 | D:4      | Noticed Natasha
  3102 | D:4      | Killed Natasha
  3474 | D:5      | Entered Level 5 of the Dungeon
  3488 | D:5      | Reached XP level 7. HP: 67/68 MP: 6/6
  3514 | D:5      | Found an ornate altar of the Wu Jian Council.
  3523 | D:5      | Splashed by a jelly's acid

Illustrated notes

Levels and vault maps discovered:
D:1:      dpeg_arrival_round_c, layout_basic,
          ebering_ecumenical_altar_sacrificial
D:2:      minmay_general_purpose_star, layout_loops_ring, basic_altar,
          uniq_robin
D:3:      layout_rooms, mainiacjoe_overflow_concentric_impassable,
          marbit_many_paths, minivault_23, uniq_sigmund
D:4:      layout_basic, uniq_natasha
D:5:      layout_cave_pools, nicolae_qazlal_eye_of_the_storm,
          mainiacjoe_overflow_24_doors

Skill      XL: |  1  2  3  4  5  6 |
---------------+-------------------+-----
Shields        | 3 4 |  4.1
Unarmed Combat | 3 4 5 |  5.4
Fighting       | 3 |  3.7
Dodging        | |  2.4
Spellcasting   | |  0.6
Transmutations | |  0.9

Action                   |  1- 3 |  4- 6 |  7- 9 || total
-------------------------+-------+-------+-------++-------
Melee: Unarmed           |   105 |   129 |     7 ||   241
Throw: Dart              |     2 |       |       ||     2
  Use: Scroll            |     1 |     7 |       ||     8
       Potion            |       |     1 |       ||     1
Armor: Robe              |    33 |    30 |     1 ||    64
Dodge: Dodged            |    37 |    38 |       ||    75
Block: Kite shield       |    35 |    40 |       ||    75
